AoeStats
← nanakusa

Arena

508383042Analyzed
4v4 RM · 10d ago on Sep 22, 2026· 37m 1s· 8 players
Game mode
Random Map
Map size
Large (8 player)
Population
200
Speed
Normal
Resources
Standard
Victory
Conquest
Starting age
Dark Age
Ending age
Imperial Age
RankedLock teamsTeams togetherTeam positionsShared explorationLock speedFull tech treeHidden civsTurbo modeCheats
Victory
Defeat
🇨🇳 Italians · China
1529
+17
🇳🇿 Wei · New Zealand
1515
+17
🇯🇵 Turks · Japan
1515
+17
🇭🇰 Cumans · Hong Kong SAR China
1513
+17
🇧🇷 Georgians · Brazil
1589
-20
🇩🇪 Tatars · Germany
1541
-17
🇩🇪 Bohemians · Germany
1524
-16
🇹🇷 Magyars · Türkiye
1503
-15
acyhjujaxuzjkt
11:38 Feudal Age
15:55 Castle Age
17:03 Double-Bit Axe
17:02 Horse Collar
17:24 Gold Mining
20:29 Imperial Age
19:55 Loom
20:36 Town Watch
22:10 Chemistry
21:12 Padded Archer Armor
22:09 Leather Archer Armor
25:56 Heavy Plow
30:54 Wheelbarrow
32:28 Ring Archer Armor
nanakusa
10:45 Feudal Age
12:13 Wheelbarrow
14:45 Castle Age
12:43 Double-Bit Axe
13:00 Horse Collar
15:57 Bow Saw
15:50 Heavy Plow
22:40 Gold Mining
26:50 Imperial Age
24:41 Loom
25:16 Fletching
26:41 Bodkin Arrow
27:14 Ballistics
27:01 Padded Archer Armor
27:59 Thumb Ring
27:57 Bracer
30:24 Masonry
30:30 Leather Archer Armor
30:22 Heavy Cavalry Archer
32:26 Sipahi
32:26 Conscription
32:45 Hand Cart
32:16 Town Watch
33:20 Bloodlines
33:13 Husbandry
34:32 Ring Archer Armor
34:59 Hoardings
37:43 Parthian Tactics
JayJayNico
10:21 Feudal Age
14:25 Castle Age
12:13 Double-Bit Axe
13:48 Horse Collar
15:32 Bow Saw
18:40 Heavy Plow
21:54 Wheelbarrow
21:41 Gold Mining
21:51 Stone Mining
24:20 Hand Cart
28:27 Imperial Age
25:53 Treadmill Crane
27:12 Scale Barding Armor
27:17 Forging
27:27 Loom
27:49 Husbandry
27:59 Bloodlines
28:05 Masonry
28:35 Stone Shaft Mining
28:35 Gold Shaft Mining
28:26 Town Watch
29:16 Chain Barding Armor
31:48 Iron Casting
34:18 Blast Furnace
32:52 Pikeman
33:38 Fletching
34:20 Conscription
33:30 Elite Tiger Cavalry
36:26 Ballistics
37:07 Chemistry
36:56 Tuntian
dennis2_02
7:28 Loom
9:40 Feudal Age
10:20 Double-Bit Axe
10:32 Horse Collar
20:45 Castle Age
19:50 Wheelbarrow
19:56 Gold Mining
22:00 Bloodlines
21:13 Capped Ram
22:28 Scale Barding Armor
22:56 Forging
23:02 Bow Saw
23:21 Heavy Plow
26:45 Chain Barding Armor
33:52 Imperial Age
32:42 Gold Shaft Mining
33:05 Iron Casting
34:04 Hand Cart
35:01 Conscription
34:06 Cavalier
36:04 Blast Furnace
35:39 Plate Barding Armor
Baron von Kissalot
10:31 Feudal Age
14:27 Castle Age
12:26 Horse Collar
13:27 Double-Bit Axe
16:11 Bow Saw
16:40 Fervor
19:53 Wheelbarrow
19:27 Loom
20:22 Heavy Plow
27:21 Imperial Age
24:56 Fletching
25:32 Bodkin Arrow
25:47 Elite Skirmisher
26:54 Padded Archer Armor
28:23 Hand Cart
29:56 Chemistry
28:56 Town Watch
30:19 Ballistics
34:45 Leather Archer Armor
34:44 Wagenburg Tactics
Apep
11:24 Feudal Age
12:40 Horse Collar
15:20 Castle Age
14:57 Double-Bit Axe
16:35 Bow Saw
21:30 Wheelbarrow
22:44 Scale Barding Armor
22:50 Gold Mining
23:32 Bloodlines
24:16 Chain Barding Armor
24:15 Husbandry
29:34 Light Cavalry
36:56 Imperial Age
Mr. M
8:00 Feudal Age
8:31 Double-Bit Axe
8:26 Horse Collar
16:48 Castle Age
18:50 Bow Saw
19:29 Heavy Plow
21:15 Wheelbarrow
24:47 Hand Cart
24:53 Hand Cart
24:25 Loom
24:26 Town Watch
26:10 Bloodlines
26:00 Husbandry
26:22 Scale Barding Armor
26:27 Forging
27:57 Chain Barding Armor
28:42 Iron Casting
32:12 Imperial Age
32:18 Elite Monaspa
33:41 Plate Barding Armor
35:23 Blast Furnace
35:06 Fletching
Nexuz
10:52 Feudal Age
14:39 Castle Age
12:30 Double-Bit Axe
15:58 Bow Saw
19:49 Loom
21:46 Horse Collar
23:09 Wheelbarrow
22:47 Heavy Plow
25:08 Hand Cart
24:51 Town Watch
Connection lost

Rejoining the realm…

Still unreachable

The connection could not be restored.

Session expired

The server has moved on; the page needs a fresh start.